HBL
COLUMBUS CLIPPERS @ MILWAUKEE OTTERS
05/21/1997
 
TOP OF THE 1ST
Columbus Clippers batting - Pitching for Milwaukee Otters : RHP Jose Silva
Pitching: RHP Jose Silva
Batting: LHB Kenjiro Nomura 0-0: Called Strike
0-1: SINGLE (Groundball, 4D, EV 109.4 MPH)
Batting: RHB Carlos Garcia 0-0: Called Strike
0-1: Ball
1-1: Ball
2-1: Grounds into double play, 4-6-3 (Groundball, 34, EV 85.6 MPH)
Batting: RHB Derrek Lee 0-0: Called Strike
0-1: Foul Ball, location: 2F
0-2: Ball
1-2: Ball
2-2: Fly out, F7 (Flyball, 78D, EV 83.1 MPH)
Top of the 1st over - 0 runs, 1 hit, 0 errors, 0 left on base; Columbus 0 - Milwaukee 0
BOTTOM OF THE 1ST
Milwaukee Otters batting - Pitching for Columbus Clippers : RHP Kirk McCaskill
Pitching: RHP Kirk McCaskill
Batting: LHB Deion Sanders 0-0: Called Strike
0-1: Swinging Strike
0-2: Reached on error, E7 (Flyball, 7LS, EV 86.9 MPH)
Batting: RHB Carlos A. Martinez 0-0: Foul Ball, location: 2F
0-1: Ball
1-1: Ball
2-1: Called Strike
2-2: Strikes out swinging
Batting: LHB Frank Catalanotto 0-0: Ball
1-0: Foul Ball, location: 2F
1-1: Ball
2-1: Grounds into double play, 1-4-3 (Groundball, 15, EV 82.5 MPH)
Bottom of the 1st over - 0 runs, 0 hits, 1 error, 0 left on base; Columbus 0 - Milwaukee 0
TOP OF THE 2ND
Columbus Clippers batting - Pitching for Milwaukee Otters : RHP Jose Silva
Batting: RHB Bubba Trammell 0-0: Ball
1-0: Foul Ball, location: 2F
1-1: Ball
2-1: Foul Ball, location: 2F
2-2: SINGLE (Flyball, 78S, EV 91.9 MPH)
Batting: RHB Wendell Magee 0-0: Swinging Strike
0-1: Ball
1-1: Foul Ball, location: 2F
1-2: Strikes out swinging
Batting: LHB Chris Pritchett 0-0: Reached on error, E4 (Groundball, 34, EV 101.3 MPH)
Bubba Trammell to second
Batting: RHB Tilson Brito 0-0: SINGLE (Line Drive, 78S, EV 101.3 MPH)
Bubba Trammell to third
Chris Pritchett to second
Runner from 3rd tries for Home, SAFE, throw by CF to home
Batting: RHB Raul Chavez 0-0: Ball
Chris Pritchett steals 3rd base
Tilson Brito to second
1-0: Fly out, F9 (Flyball, 9S, EV 87.5 MPH)
Batting: RHB Miguel Mejia 0-0: Ball
1-0: Ball
2-0: Fly out, F4 (Popup, 4, EV 62.5 MPH)
Top of the 2nd over - 1 run, 2 hits, 1 error, 2 left on base; Columbus 1 - Milwaukee 0
BOTTOM OF THE 2ND
Milwaukee Otters batting - Pitching for Columbus Clippers : RHP Kirk McCaskill
Batting: SHB Desi Relaford 0-0: Foul Ball, location: 2F
0-1: Ball
1-1: Foul Ball, location: 2F
1-2: Fly out, F6 (Popup, 6MD, EV 58.1 MPH)
Batting: RHB Cal Ripken Jr. 0-0: Ball
1-0: Swinging Strike
1-1: Ball
2-1: Foul Ball, location: 2F
2-2: Ball
3-2: Foul Ball, location: 2F
3-2: Base on Balls
Batting: RHB Joe Vitiello 0-0: Called Strike
0-1: Ball
1-1: SINGLE (Line Drive, 8RS, EV 93.1 MPH)
Cal Ripken Jr. to second
Batting: RHB Tony Graffanino 0-0: Ball
1-0: Called Strike
1-1: Swinging Strike
1-2: Foul Ball, location: 2F
1-2: Fly out, F8 (Line Drive, 8RM, EV 90.0 MPH)
Batting: LHB Lou Whitaker 0-0: Ball
1-0: Ball
2-0: Foul Ball, location: 2F
2-1: Called Strike
2-2: Foul Ball, location: 2F
2-2: Fly out, F8 (Flyball, 8RD, EV 105.0 MPH)
Bottom of the 2nd over - 0 runs, 1 hit, 0 errors, 2 left on base; Columbus 1 - Milwaukee 0
TOP OF THE 3RD
Columbus Clippers batting - Pitching for Milwaukee Otters : RHP Jose Silva
Batting: LHB Kenjiro Nomura 0-0: Ball
1-0: Ball
2-0: Called Strike
2-1: Ground out U3 (Groundball, 3L, EV 104.4 MPH)
Batting: RHB Carlos Garcia 0-0: Ball
1-0: Ball
2-0: Ground out 6-3 (Groundball, 6, EV 80.6 MPH)
Batting: RHB Derrek Lee 0-0: Fly out, F8 (Line Drive, 8LD, EV 100.0 MPH)
Top of the 3rd over - 0 runs, 0 hits, 0 errors, 0 left on base; Columbus 1 - Milwaukee 0
BOTTOM OF THE 3RD
Milwaukee Otters batting - Pitching for Columbus Clippers : RHP Kirk McCaskill
Batting: RHB Robby Thompson 0-0: Ball
1-0: Called Strike
1-1: Ground out 5-3 (Groundball, 5, EV 80.6 MPH)
Batting: LHB Deion Sanders 0-0: Foul Ball, location: 2F
0-1: Swinging Strike
0-2: Foul Ball, location: 2F
0-2: Ball
1-2: SINGLE (Groundball, 6MD, EV 108.8 MPH)
Batting: RHB Carlos A. Martinez 0-0: Called Strike
0-1: Ball
1-1: Ball
2-1: Foul Ball, location: 2F
2-2: Ball
3-2: Ground out 5-3 (Groundball, 56, EV 91.9 MPH)
Deion Sanders to second
Batting: LHB Frank Catalanotto 0-0: Called Strike
0-1: Ball
1-1: Foul Ball, location: 2F
1-2: Ground out 3-1 (Groundball, 34, EV 86.3 MPH)
Bottom of the 3rd over - 0 runs, 1 hit, 0 errors, 1 left on base; Columbus 1 - Milwaukee 0
TOP OF THE 4TH
Columbus Clippers batting - Pitching for Milwaukee Otters : RHP Jose Silva
Batting: RHB Bubba Trammell 0-0: Called Strike
0-1: Foul Ball, location: 2F
0-2: Strikes out looking
Batting: RHB Wendell Magee 0-0: Foul Ball, location: 2F
0-1: Ball
1-1: Fly out, F7 (Flyball, 7LM, EV 92.5 MPH)
Batting: LHB Chris Pritchett 0-0: Called Strike
0-1: Ball
1-1: Foul Ball, location: 2F
1-2: Foul Ball, location: 2F
1-2: Ball
2-2: SINGLE (Line Drive, 8LS, EV 97.5 MPH)
Batting: RHB Tilson Brito 0-0: Ball
1-0: Ball
2-0: Called Strike
2-1: Ground out 4-3 (Groundball, 34, EV 103.1 MPH)
Top of the 4th over - 0 runs, 1 hit, 0 errors, 1 left on base; Columbus 1 - Milwaukee 0
BOTTOM OF THE 4TH
Milwaukee Otters batting - Pitching for Columbus Clippers : RHP Kirk McCaskill
Batting: SHB Desi Relaford 0-0: Ball
1-0: Called Strike
1-1: Foul Ball, location: 2F
1-2: Strikes out swinging
Batting: RHB Cal Ripken Jr. 0-0: Fly out, F8 (Flyball, 8RM, EV 86.3 MPH)
Batting: RHB Joe Vitiello 0-0: Called Strike
0-1: Foul Ball, location: 2F
0-2: Ball
1-2: Foul Ball, location: 2F
1-2: Ball
2-2: Ball
3-2: Base on Balls
Batting: RHB Tony Graffanino 0-0: Called Strike
0-1: Called Strike
0-2: Strikes out looking
Bottom of the 4th over - 0 runs, 0 hits, 0 errors, 1 left on base; Columbus 1 - Milwaukee 0
TOP OF THE 5TH
Columbus Clippers batting - Pitching for Milwaukee Otters : RHP Jose Silva
Batting: RHB Raul Chavez 0-0: Called Strike
0-1: Foul Ball, location: 2F
0-2: Strikes out looking
Batting: RHB Miguel Mejia 0-0: Called Strike
0-1: Foul Ball, location: 2F
0-2: Strikes out swinging
Batting: LHB Kenjiro Nomura 0-0: Ball
1-0: Ball
2-0: Ball
3-0: Base on Balls
Batting: RHB Carlos Garcia 0-0: Called Strike
0-1: Foul Ball, location: 2F
0-2: Ball
1-2: Fielders Choice at 2nd, 5-4 (Groundball, 5, EV 76.3 MPH)
Top of the 5th over - 0 runs, 0 hits, 0 errors, 1 left on base; Columbus 1 - Milwaukee 0
BOTTOM OF THE 5TH
Milwaukee Otters batting - Pitching for Columbus Clippers : RHP Kirk McCaskill
Batting: LHB Lou Whitaker 0-0: Called Strike
0-1: Called Strike
0-2: Fly out, F7 (Flyball, 7S, EV 92.5 MPH)
Batting: RHB Robby Thompson 0-0: Called Strike
0-1: Called Strike
0-2: Ball
1-2: Ball
2-2: Ball
3-2: Strikes out swinging
Batting: LHB Deion Sanders 0-0: Ball
1-0: Ground out 4-3 (Groundball, 4, EV 79.4 MPH)
Bottom of the 5th over - 0 runs, 0 hits, 0 errors, 0 left on base; Columbus 1 - Milwaukee 0
TOP OF THE 6TH
Columbus Clippers batting - Pitching for Milwaukee Otters : RHP Jose Silva
Pitching: RHP Marc Pisciotta
Batting: RHB Derrek Lee 0-0: Ball
1-0: Foul Ball, location: 2F
1-1: Foul Ball, location: 2F
1-2: SINGLE (Line Drive, 8LS, EV 102.5 MPH)
Batting: RHB Bubba Trammell 0-0: Foul Ball, location: 2F
0-1: Swinging Strike
0-2: Ball
1-2: Fly out, F9 (Flyball, 9LS, EV 93.1 MPH)
Batting: RHB Wendell Magee 0-0: Ball
1-0: SINGLE (Line Drive, 7S, EV 100.0 MPH)
Derrek Lee to second
Batting: LHB Chris Pritchett 0-0: Ball
1-0: Called Strike
1-1: Ball
2-1: Swinging Strike
2-2: Foul Ball, location: 2F
2-2: Fly out, F7 (Flyball, 7S, EV 91.9 MPH)
Batting: RHB Tilson Brito 0-0: Called Strike
0-1: Foul Ball, location: 2F
0-2: Fielders Choice at 2nd, U6 (Groundball, 6M, EV 86.3 MPH)
Top of the 6th over - 0 runs, 2 hits, 0 errors, 2 left on base; Columbus 1 - Milwaukee 0
BOTTOM OF THE 6TH
Milwaukee Otters batting - Pitching for Columbus Clippers : RHP Kirk McCaskill
Batting: RHB Carlos A. Martinez 0-0: Called Strike
0-1: SINGLE (Groundball, 6M, EV 106.3 MPH)
Batting: LHB Frank Catalanotto 0-0: Swinging Strike
0-1: Swinging Strike
0-2: Foul Ball, location: 2F
0-2: Strikes out swinging
Batting: SHB Desi Relaford 0-0: Fielders Choice at 2nd, 2-6 (Groundball, 13S, EV 73.8 MPH)
Batting: RHB Cal Ripken Jr. 0-0: SINGLE (Groundball, 56, EV 90.0 MPH) (infield hit)
Desi Relaford to second
Batting: RHB Joe Vitiello 0-0: Called Strike
0-1: SINGLE (Groundball, 56D, EV 95.6 MPH)
Desi Relaford to third
Cal Ripken Jr. to second
Runner from 3rd tries for Home, SAFE, no throw by LF
Batting: RHB Tony Graffanino 0-0: Ball
1-0: SINGLE (Line Drive, 34D, EV 97.5 MPH)
Cal Ripken Jr. to third
Joe Vitiello to second
Runner from 3rd tries for Home, SAFE, no throw by RF
Batting: LHB Lou Whitaker 0-0: Foul Ball, location: 2F
0-1: Called Strike
0-2: Ball
1-2: Fly out, F9 (Flyball, 9LM, EV 90.0 MPH)
Bottom of the 6th over - 2 runs, 4 hits, 0 errors, 2 left on base; Columbus 1 - Milwaukee 2
TOP OF THE 7TH
Columbus Clippers batting - Pitching for Milwaukee Otters : RHP Marc Pisciotta
Batting: RHB Raul Chavez 0-0: Ball
1-0: Ball
2-0: Ball
3-0: Foul Ball, location: 2F
3-1: Fly out, F4 (Popup, 4D, EV 43.8 MPH)
Batting: RHB Miguel Mejia 0-0: Ball
1-0: Ball
2-0: Called Strike
2-1: Foul Ball, location: 2F
2-2: Fly out, F8 (Flyball, 78S, EV 95.0 MPH)
Batting: LHB Kenjiro Nomura 0-0: Called Strike
0-1: Ball
1-1: Foul Ball, location: 2F
1-2: Foul Ball, location: 2F
1-2: Ball
2-2: Ball
3-2: Base on Balls
Pitching: RHP Todd Ritchie
Batting: RHB Carlos Garcia 0-0: Called Strike
0-1: Ball
1-1: Ball
2-1: Swinging Strike
2-2: SINGLE (Groundball, 34D, EV 109.4 MPH)
Kenjiro Nomura to second
Runner from 2nd tries for 3rd, SAFE, throw by RF made to third
Batting: RHB Derrek Lee 0-0: Ball
Passed Ball!
Kenjiro Nomura scores
Carlos Garcia to second
1-0: Ball
2-0: Swinging Strike
2-1: Ball
Passed Ball!
Carlos Garcia to third
3-1: Base on Balls
Batting: RHB Bubba Trammell 0-0: Ball
Passed Ball!
Carlos Garcia scores
Derrek Lee to second
1-0: Ball
2-0: Ball
3-0: Base on Balls
Batting: RHB Wendell Magee 0-0: Called Strike
0-1: Ball
1-1: Ball
2-1: Swinging Strike
2-2: Foul Ball, location: 2F
2-2: Strikes out looking
Top of the 7th over - 2 runs, 1 hit, 0 errors, 2 left on base; Columbus 3 - Milwaukee 2
BOTTOM OF THE 7TH
Milwaukee Otters batting - Pitching for Columbus Clippers : RHP Kirk McCaskill
Batting: RHB Robby Thompson 0-0: Ball
1-0: Swinging Strike
1-1: SINGLE (Groundball, 34D, EV 103.8 MPH)
Batting: LHB Deion Sanders Pickoff Throw to First - Out! 1-3
0-0: SINGLE (Line Drive, 9S, EV 93.8 MPH)
Batting: RHB Carlos A. Martinez 0-0: Called Strike
Deion Sanders steals 2nd base
0-1: Called Strike
0-2: Ground out 1-3 (Groundball, 34S, EV 86.3 MPH)
Deion Sanders to third
Batting: LHB Frank Catalanotto 0-0: Called Strike
0-1: Ball
1-1: Ball
2-1: Foul Ball, location: 2F
2-2: Ball
3-2: Foul Ball, location: 2F
3-2: Foul Ball, location: 2F
3-2: Strikes out swinging
Bottom of the 7th over - 0 runs, 2 hits, 0 errors, 1 left on base; Columbus 3 - Milwaukee 2
TOP OF THE 8TH
Columbus Clippers batting - Pitching for Milwaukee Otters : RHP Todd Ritchie
Batting: LHB Chris Pritchett 0-0: Ball
1-0: Fly out, F8 (Flyball, 78M, EV 89.4 MPH)
Batting: RHB Tilson Brito 0-0: Called Strike
0-1: Ball
1-1: Called Strike
1-2: Ground out 3-1 (Groundball, 34, EV 88.8 MPH)
Batting: RHB Raul Chavez 0-0: Ball
1-0: Ball
2-0: Called Strike
2-1: SINGLE (Flyball, 89S, EV 88.8 MPH)
Pitching: RHP Mark Clear
Batting: RHB Miguel Mejia 0-0: Called Strike
0-1: Swinging Strike
0-2: Ball
Wild Pitch!
Raul Chavez to second
1-2: Ball
2-2: Ground out 5-3 (Groundball, 56, EV 110.6 MPH)
Top of the 8th over - 0 runs, 1 hit, 0 errors, 1 left on base; Columbus 3 - Milwaukee 2
BOTTOM OF THE 8TH
Milwaukee Otters batting - Pitching for Columbus Clippers : RHP Kirk McCaskill
Batting: SHB Desi Relaford 0-0: Fly out, F7 (Flyball, 7D, EV 102.5 MPH)
Batting: RHB Cal Ripken Jr. 0-0: Ball
1-0: Fly out, F8 (Flyball, 8LM, EV 90.6 MPH)
Batting: RHB Joe Vitiello 0-0: Foul Ball, location: 2F
0-1: Foul Ball, location: 2F
0-2: Ball
1-2: Ball
2-2: Ball
3-2: Fly out, F8 (Flyball, 8LXD, EV 99.4 MPH)
Bottom of the 8th over - 0 runs, 0 hits, 0 errors, 0 left on base; Columbus 3 - Milwaukee 2
TOP OF THE 9TH
Columbus Clippers batting - Pitching for Milwaukee Otters : RHP Mark Clear
Batting: LHB Kenjiro Nomura 0-0: Called Strike
0-1: Swinging Strike
0-2: Foul Ball, location: 2F
0-2: Fly out, F9 (Flyball, 9, EV 91.3 MPH)
Batting: RHB Carlos Garcia 0-0: Ball
1-0: Single, Error in OF, E8, batter to second base (Groundball, 6D, EV 101.3 MPH)
Batting: RHB Derrek Lee 0-0: Called Strike
0-1: Swinging Strike
0-2: Ball
1-2: Ball
2-2: Foul Ball, location: 2F
2-2: Strikes out looking
Batting: RHB Bubba Trammell 0-0: Called Strike
0-1: Called Strike
0-2: Ball
1-2: Ball
2-2: Ball
3-2: Foul Ball, location: 2F
3-2: Foul Ball, location: 2F
3-2: Foul Ball, location: 2F
3-2: Base on Balls
Pitching: RHP Dan Miceli
Batting: RHB Wendell Magee 0-0: Ball
1-0: Foul Ball, location: 2F
1-1: Called Strike
1-2: Ball
2-2: Ball
3-2: SINGLE (Flyball, 7LS, EV 91.9 MPH)
Carlos Garcia to third
Bubba Trammell to second
Carlos Garcia scores
Bubba Trammell to third
Batting: LHB Chris Pritchett 0-0: Ball
1-0: Ball
2-0: Called Strike
2-1: Fly out, F8 (Flyball, 78D, EV 100.6 MPH)
Top of the 9th over - 1 run, 2 hits, 1 error, 2 left on base; Columbus 4 - Milwaukee 2
BOTTOM OF THE 9TH
Milwaukee Otters batting - Pitching for Columbus Clippers : RHP Kirk McCaskill
Pitching: RHP Nelson Cruz
Batting: RHB Tony Graffanino 0-0: Called Strike
0-1: Fly out, F9 (Flyball, 9S, EV 83.1 MPH)
Batting: LHB Lou Whitaker 0-0: Called Strike
0-1: Ball
1-1: Ball
2-1: Foul Ball, location: 2F
2-2: Foul Ball, location: 2F
2-2: Ball
3-2: Ground out 6-3 (Groundball, 6M, EV 83.1 MPH)
Batting: RHB Robby Thompson 0-0: Fly out, F9 (Flyball, 9LM, EV 93.8 MPH)
Bottom of the 9th over - 0 runs, 0 hits, 0 errors, 0 left on base; Columbus 4 - Milwaukee 2
Thursday, February 12th, 2026 - OOTP Baseball 20.8 Build 74